 Dungeon Crawl Stone Soup version 0.31-a0-180-g519b7de00c (webtiles) character file.

Game seed: 13030701450678657373

51 qw the Shooter (level 3, -5/32 HPs)
             Began as a Naga Hunter on June 19, 2023.
             Slain by a goblin
             ... wielding a +0 dagger
             ... led by Robin
              (6 damage)
             ... on level 2 of the Dungeon.
             The game lasted 00:00:20 (797 turns).

qw the Shooter (Naga Hunter)                         Turns: 797, Time: 00:00:20

Health: -5/32      AC:  2    Str: 13    XL:     3   Next: 83%
Magic:  3/3        EV:  9    Int:  9    God:
Gold:   7          SH:  0    Dex: 16    Spells: 2/2 levels left

rFire   . . .        Y - +0 shortbow
rCold   . . .        (shield currently unavailable)
rNeg    . . .        c - +0 leather armour
rPois   +            (no helmet)
rElec   .            (no cloak)
rCorr   .            (no gloves)
SInv    +            (no barding)
Will    .....        (no amulet)
Stlth   ++           (no ring)
HPRegen 0.25/turn    (no ring)
MPRegen 0.08/turn

%: no passive effects
@: short of breath, very slow
A: AC +1, large, see invisible, deformed body, poison resistance, slowness 2,
spit poison 1, naga tail 1
a: Spit Poison


You were on level 2 of the Dungeon.
You visited 1 branch of the dungeon, and saw 2 of its levels.

You collected 7 gold pieces.


Innate Abilities, Weirdness & Mutations

Your serpentine skin is tough. (AC +1)
You have supernaturally acute eyesight. (SInv)
Armour fits poorly on your strangely shaped body.
Your system is resistant to poisons. (rPois)
You cover ground very slowly.
You can spit poison.
You have a snake-like lower body.


   Skills:
 - Level 2.0 Fighting
 + Level 4.9 Ranged Weapons
 - Level 1.5 Dodging
 - Level 1.5 Stealth


You had 2 spell levels left.
You didn't know any spells.
Your spell library was empty.

Inventory:

Hand Weapons
 Y - a +0 shortbow (weapon)
Armour
 a - a +2 robe of positive energy
 c - a +0 leather armour (worn)
Potions
 d - a potion of berserk rage {unknown}
 g - a potion of degeneration {unknown}

Dungeon Overview and Level Annotations

Branches:
Dungeon (2/15)

Altars:

Shops:
D:1 !

Annotations:
D:2 Robin


Message History

792 ||| INVOKING Spit Poison.
Aiming: Spit Poison (2% risk of failure)
Press: ? - help, Shift-Dir - straight line, f - goblin The splash of poison hits the goblin.
You kill the goblin!
Something bites the bush.
Robin roars a battlecry!
The goblins go into a battle-frenzy!
The goblin hits you with a +0 dagger. The goblin hits you with a +0 club.
You shoot an arrow. The arrow barely misses the goblin.
The goblin barely misses you. Robin throws the goblin at you!
The goblin barely misses you.
You shoot an arrow. The arrow barely misses the goblin.
Robin roars a battlecry!
The goblin goes into a battle-frenzy!
The goblin misses you. The goblin barely misses you. x2
The goblin completely misses you.
An adder comes into view.
You shoot an arrow. The adder hisses angrily.
The arrow hits the goblin!
You kill the goblin!
You have got your breath back.
The goblin hits you with a +0 club. The goblin barely misses you.
The goblin hits you with a +0 club.
796 ||| INVOKING Spit Poison.
Aiming: Spit Poison (2% risk of failure)
Press: ? - help, Shift-Dir - straight line, f - goblin The splash of poison hits the goblin!
You kill the goblin!
The goblin misses you. The goblin hits you with a +0 dagger.
The goblin hits you with a +0 club.
You shoot an arrow. The arrow hits the goblin!
You kill the goblin!
The goblin closely misses you.
Robin roars a battlecry!
The goblin closely misses you.
A worm comes into view.
The goblin hits you with a +0 dagger.
You die...

#..#.##.######......#.#.#####.#
..........................%.%>#
#..#.##.............###.#####.#
#..#.##...<.............#
#..#.##........##########
#..#.##........# #
#.##........####
..##......S.g..#
####........g@)# #........).#
#..........# #............
########.....7 ##..)7P. #...7.g
#.... .w


You could see a worm, Robin, an adder and 2 goblins.

Vanquished Creatures
  A worm (D:2)
  A dart slug (D:1)
  4 bats (D:1)
  4 endoplasms
  2 giant cockroaches (D:1)
  9 goblins
  4 hobgoblins
  7 jackals
  A ball python (D:1)
  A kobold (D:1)
  7 rats (D:1)
41 creatures vanquished.

Notes
Turn   | Place    | Note
-------+----------+-------------------------------------------
     0 | D:1      | qw the Naga Hunter began the quest for the Orb.
     0 | D:1      | Reached XP level 1. HP: 19/19 MP: 1/1
     0 | D:1      | 0 ||| qw: Version: 0.3-a-7-ge0c9b40
     0 | D:1      | 0 ||| qw: Game counter: 986
     0 | D:1      | 0 ||| qw: Always use a shield: true
     0 | D:1      | 0 ||| qw: God list: Okawaru
     0 | D:1      | 0 ||| qw: Allow faded altars: false
     0 | D:1      | 0 ||| qw: Do Orc after D:15 true
     0 | D:1      | 0 ||| qw: Do second Lair branch before Depths: true
     0 | D:1      | 0 ||| qw: Lair rune preference: random
     0 | D:1      | 0 ||| qw: Plans: Normal
     0 | D:1      | 0 ||| PLANNING D:1-11
    19 | D:1      | 19 ||| INVOKING Spit Poison.
   160 | D:1      | Found Tevvabesche's Distillery.
   164 | D:1      | 164 ||| SHOPLISTING potion of curing (36 gold, have 0).
   164 | D:1      | 164 ||| SHOPLISTING potion of haste (120 gold, have 0).
   164 | D:1      | 164 ||| SHOPLISTING potion of heal wounds (60 gold, have
                  | 0).
   164 | D:1      | 164 ||| SHOPLISTING potion of might (48 gold, have 0).
   164 | D:1      | 164 ||| SHOPLISTING potion of resistance (120 gold, have
                  | 0).
   172 | D:1      | 172 ||| INVOKING Spit Poison.
   175 | D:1      | 175 ||| INVOKING Spit Poison.
   179 | D:1      | 179 ||| INVOKING Spit Poison.
   183 | D:1      | Reached skill level 4 in Ranged Weapons
   183 | D:1      | Reached XP level 2. HP: 18/26 MP: 2/2
   184 | D:1      | 184 ||| INVOKING Spit Poison.
   321 | D:1      | 321 ||| INVOKING Spit Poison.
   332 | D:1      | 332 ||| INVOKING Spit Poison.
   336 | D:1      | 336 ||| INVOKING Spit Poison.
   339 | D:1      | 339 ||| INVOKING Spit Poison.
   352 | D:1      | 352 ||| INVOKING Spit Poison.
   356 | D:1      | Reached XP level 3. HP: 32/32 MP: 3/3
   407 | D:1      | 407 ||| INVOKING Spit Poison.
   423 | D:1      | 423 ||| INVOKING Spit Poison.
   451 | D:1      | 451 ||| INVOKING Spit Poison.
   704 | D:1      | 704 ||| READING scroll labelled YVAVOO OMURR.
   705 | D:1      | 705 ||| READING scroll labelled HIURCH NAILA.
   710 | D:1      | 710 ||| READING scroll labelled POUW XEHOAN.
   711 | D:1      | 711 ||| DROPPING scroll of butterflies.
   755 | D:2      | 755 ||| INVOKING Spit Poison.
   759 | D:2      | 759 ||| INVOKING Spit Poison.
   762 | D:2      | 762 ||| INVOKING Spit Poison.
   765 | D:2      | 765 ||| INVOKING Spit Poison.
   786 | D:2      | 786 ||| INVOKING Spit Poison.
   786 | D:2      | Noticed Robin
   792 | D:2      | 792 ||| INVOKING Spit Poison.
   796 | D:2      | 796 ||| INVOKING Spit Poison.
   796 | D:2      | HP: 7/32 [goblin/+0 dagger[Robin] (3)]
   796 | D:2      | HP: 1/32 [goblin/+0 club[Robin] (6)]
   797 | D:2      | Slain by a goblin

Levels and vault maps discovered:
D:1:      evilmike_arrival_crescent, layout_basic, serial_shops,
          nicolae_shop_back_alley_shop
D:2:      layout_basic, serial_forest, infiniplex_forest_lined_corner,
          infiniplex_forest_join, infiniplex_forest_clump_small,
          infiniplex_forest_lined_1, infiniplex_forest_end_2,
          dreamdust_wishing_well, minivault_23, minmay_fountain_box, uniq_robin

Skill      XL: |  1 |
---------------+----+-----
Ranged Weapons | 4 |  4.9
Fighting       | |  2.0
Dodging        | |  1.5
Stealth        | |  1.5

Action                     || total
---------------------------++-------
   Fire: Shortbow          ||    60
Ability: Spit Poison       ||    20
    Use: Scroll            ||     3
 Armour: Leather armour    ||     2
  Dodge: Dodged            ||    20

Table legend:
 A = Non-vault XP
 B = Vault XP
 C = Vault XP percentage of total XP
 D = Non-vault monster count
 E = Vault monster count
 F = Vault count percentage of total count
                 A         B        C        D         E       F
            +---------+---------+-------+---------+---------+-------
      Total |      61 |      15 |  19.7 |      33 |       8 |  19.5
            +---------+---------+-------+---------+---------+-------
        D:1 |      46 |       0 |   0.0 |      27 |       0 |   0.0
        D:2 |      15 |      15 |  50.0 |       6 |       8 |  57.1
            +---------+---------+-------+---------+---------+-------
